 Dungeon Crawl Stone Soup version 0.27-a0-1308-gc08437e49b (webtiles) character file.

Game seed: 5735230948027433120

149305 dolemite99 the Severer (level 17, -22/152 HPs)
             Began as a Hill Orc Fighter on June 19, 2021.
             Was an Initiate of Gozag.
             Annihilated by a naga (35 damage)
             ... on level 3 of the Snake Pit.
             The game lasted 01:01:02 (53908 turns).

dolemite99 the Severer (Hill Orc Fighter)          Turns: 53908, Time: 01:01:03

Health: -22/152    AC: 29    Str: 28    XL:     17   Next: 51%
Magic:  0/17       EV: 13    Int: 14    God:    Gozag
Gold:   1400       SH:  0    Dex: 11    Spells: 13/16 levels left

rFire    + + +     SeeInvis .   a - +2 battleaxe (flame)
rCold    + + .     Faith    .   (shield currently unavailable)
rNeg     . . .     Spirit   +   W - +7 chain mail of Rafuick {rPois rF+ Regen+ rCorr}
rPois    +         Reflect  .   T - +3 helmet "Qaqiy" {Int+6}
rElec    +         Harm     .   B - scarf {rC+ rF+}
rCorr    +         Rampage  .   V - +1 pair of gloves {Str+3}
Will     ++...                  e - +1 pair of boots
Stlth    ..........             C - amulet of guardian spirit
HPRegen  1.35/turn              q - ring of poison resistance
MPRegen  0.15/turn              O - ring of willpower

@: lethally poisoned (-22 -> -23), resistant, gold aura, hasted and slowed
A: screaming 1
a: Renounce Religion, Potion Petition, Call Merchant, Bribe Branch


You were on level 3 of the Snake Pit.
You worshipped Gozag.
Gozag was most pleased with you.
You visited 4 branches of the dungeon, and saw 26 of its levels.
You also visited: Ossuary.

You collected 10896 gold pieces.
You spent 2553 gold pieces at shops.
You paid 6943 gold pieces to Gozag.

Inventory:

Hand Weapons
 a - a +2 battleaxe of flaming (weapon)
 b - a +1 fustibalus
 s - the +7 shortbow of Domination {venom, Fly rElec rPois Will+ Dex+4}
   (You found it on level 6 of the Lair of Beasts)

   It poisons the ammo it fires.
   It affects your dexterity (+4).
   It insulates you from electricity.
   It protects you from poison.
   It grants you flight.
   It increases your willpower.
Missiles
 d - 2 atropa-tipped darts
 h - 1040 stones (quivered)
 t - 190 sling bullets
 u - 873 arrows
 v - 9 curare-tipped darts
 x - 99 poisoned darts
Armour
 e - a +1 pair of boots (worn)
 f - a +2 pair of boots
 B - a scarf of resistance (worn)
 P - a +0 hat
 R - a +1 chain mail of fire resistance
 T - the +3 helmet "Qaqiy" (worn) {Int+6}
   (You found it on level 4 of the Lair of Beasts)

   It affects your intelligence (+6).
 V - a +1 pair of gloves of strength (worn)
 W - the +7 chain mail of Rafuick (worn) {rPois rF+ Regen+ rCorr}
   (You bought it in a shop on level 2 of the Orcish Mines)

   It protects you from fire.
   It protects you from poison.
   It increases your rate of health regeneration.
   It protects you from acid and corrosion.
Magical Staves
 y - a staff of conjuration
Jewellery
 l - a ring of ice
 q - a ring of poison resistance (left hand)
 z - a ring of see invisible
 C - an amulet of guardian spirit (around neck)
 F - a +6 ring of dexterity
 O - a ring of willpower (right hand)
Wands
 j - a wand of paralysis (7)
 S - a wand of polymorph (7)
 U - a wand of flame (45)
 Y - a wand of mindburst (13)
Scrolls
 c - 3 scrolls of silence
 i - 2 scrolls of magic mapping
 k - a scroll of fog
 w - 8 scrolls of teleportation
 D - 3 scrolls of blinking
 Q - 7 scrolls of identify {@r1}
 X - a scroll of vulnerability
Potions
 g - 3 potions of resistance
 p - a potion of might
 r - 5 potions of brilliance
 A - a potion of attraction
 G - a potion of ambrosia
 I - 3 potions of heal wounds
 J - 2 potions of flight
 M - 4 potions of curing
Miscellaneous
 n - a lightning rod (1/4)


   Skills:
 - Level 14.1 Fighting
 - Level 20.0 Axes
 - Level 8.2(9.3) Slings
 - Level 6.6(8.5) Throwing
 - Level 12.9 Armour
 - Level 11.4 Dodging
 - Level 3.2 Shields
 + Level 11.4 Evocations


You had 13 spell levels left.
You knew the following spells:

 Your Spells              Type           Power      Damage    Failure   Level
a - Apportation           Tloc           0%         N/A       73%         1
b - Blink                 Tloc           N/A        N/A       86%         2

Your spell library contained the following spells:

 Spells                   Type           Power      Damage    Failure   Level
 Animate Skeleton         Necr           0%         N/A       73%         1
 Beastly Appendage        Tmut           0%         N/A       73%         1
 Magic Dart               Conj           0%         1d3       73%         1
 Pain                     Necr           0%         1d4       73%         1
 Summon Small Mammal      Summ           0%         N/A       73%         1
 Call Imp                 Summ           0%         N/A       86%         2
 Slow                     Hex            0%         N/A       86%         2
 Wereblood                Tmut           0%         N/A       86%         2
 Call Canine Familiar     Summ           0%         N/A       97%         3
 Conjure Flame            Conj/Fire      0%         6-21      97%         3
 Ignite Poison            Fire/Tmut/Pois 0%         N/A       97%         3
 Lesser Beckoning         Tloc           0%         N/A       97%         3
 Mephitic Cloud           Conj/Pois/Air  0%         N/A       97%         3
 Spider Form              Tmut/Pois      0%         N/A       97%         3
 Summon Guardian Golem    Hex/Summ       0%         N/A       97%         3
 Tukima's Dance           Hex            0%         N/A       97%         3
 Vampiric Draining        Necr           0%         2d6       97%         3
 Animate Dead             Necr           0%         N/A       100%        4
 Ice Form                 Ice/Tmut       0%         N/A       100%        4
 Summon Ice Beast         Ice/Summ       0%         N/A       100%        4
 Summon Lightning Spire   Summ/Air       0%         N/A       100%        4
 Agony                    Necr           0%         N/A       100%        5
 Alistair's Intoxication  Tmut/Pois      0%         N/A       100%        5
 Fireball                 Conj/Fire      0%         3d3       100%        5
 Invisibility             Hex            0%         N/A       100%        6
 Starburst                Conj/Fire      0%         8x6d3     100%        6
 Ignition                 Fire           0%         3d3       100%        8


Dungeon Overview and Level Annotations

Branches:
Dungeon (15/15)            Temple (0/1) D:4            Lair (6/6) D:10
 Shoals (0/4) Lair:3        Snake (3/4) Lair:4        Slime (0/5) Lair:6
    Orc (2/2) D:9             Elf (0/3) Orc:2        Vaults (0/5) D:14
 Depths (0/5) D:15        Ossuary (visited)

Altars:
Ashenzari
Dithmenos
Gozag
Hepliaklqana
Kikubaaqudgha
Makhleb
Okawaru
Ru
Sif Muna
Trog
Uskayaw
Vehumet
Wu Jian
Zin
Beogh
Lugonu

Shops:
D:8 (   D:9 (   D:10 *   D:12 *   Orc:1 !=[   Orc:2 [!=:   Snake:2 *

Portals:
Abyss: D:4 Lair:1
Trove: D:15 (give +2 gold dragon scales)

Annotations:
D:7 2 runed translucent doors
D:12 1 runed translucent door, Atlas's ghost, journeyman DsIE
Lair:1 2 transporters, IdlyInterested's ghost, journeyman DsAr
Lair:3 exclusion: 2 downstairs
Lair:5 exclusion: downstairs
Lair:6 exclusion: 4 oklob plants


Innate Abilities, Weirdness & Mutations

You occasionally shout uncontrollably at your foes.


Message History

The naga constricts you.
You feel much better.
You feel very sick.
The guardian serpent hits you but does no damage.
The naga barely misses you. The guardian serpent barely misses you.
The naga spits poison at you.
The splash of poison hits you but does no damage.
You resist. The naga constricts you. The naga spits poison at you.
The splash of poison hits you but does no damage.
You are more poisoned.
You resist.
The guardian serpent closely misses you.
You feel much better.
You feel very sick. The guardian serpent hits you.
The naga hits you with a +0 long sword!!
The naga constricts you. The naga hits you with a +0 glaive!!
* * * LOW HITPOINT WARNING * * *
The guardian serpent hits you but does no damage.
The naga hits you but does no damage. The naga constricts you.
Okay, then.
As you read the scroll of fear, it crumbles to dust.
You assume a fearsome visage.
The guardian serpent looks frightened!
The naga looks frightened!
The naga easily resists. x2
You feel very sick. The naga hits you with a +0 glaive!!
* * * LOW HITPOINT WARNING * * *
The naga loses its grip on you. The naga spits poison at you.
The splash of poison misses you.
The splash of poison hits the naga. [a] - 400 gold - haste and resistance [b] - 510 gold - lignification, might and resistance [c] - 216 gold - might and brilliance Purchase which effect?
You feel yourself speed up.
You feel protected.
You feel sick. The naga hits you with a +0 glaive!!!
You die...
Your body crumbles into a pile of gold.

,,***,,,****,************,,,,,,,,
,,..#.....###........#...##..,,,,
,....#.....#..............#...,,,
,.............................,,,
,^.............(..............,,,
,............(((...N..........,,,
,...........S................),**
,..............($.............,*,
,......$...(..N(@N............,*,
,.......<$$(.(#######.........,**
,.......$....##,,,,,##........,,*
,...........##,*,,,,,#........,,*
,...........+,,,,,,,*#........,,,
,.######....#,,,,,,,,#...####+*+*
***,,*,#....#,$,,,,,,#...#,,*,,,*
*,,,,,*#....#,,,,,,,*#...#,,,,,,*
**,,,,,#....#,,,,,,,,#...#,,,,,##


You could see a guardian serpent (fleeing) and 3 nagas.

Vanquished Creatures
  Jorgrun (Snake:1)
  Rupert (Lair:4)
  Frances (D:13)
  Gastronok (D:11)
  Kirke (D:13)
  3 nagarajas
  A dire elephant (Lair:6)
  Snorg (Lair:6)
  A fire dragon (D:15)
  An ettin (D:9)
  Josephine (D:13)
  5 naga warriors
  4 vault guards
  A boulder beetle (D:11)
  13 hydras
  A rakshasa (D:13)
  2 death knights (D:15)
  A boulder beetle (shapeshifter) (D:13)
  A catoblepas (Lair:6)
  13 anacondas
  A deep troll shaman (Lair:6)
  6 two-headed ogres
  9 centaur warriors
  2 tengu warriors (D:15)
  6 death yaks (Lair:6)
  3 naga sharpshooters (Snake:1)
  2 orc high priests
  A salamander mystic (Snake:2)
  A death drake (shapeshifter) (D:13)
  4 sea snakes
  A swamp dragon (D:13)
  3 naga ritualists (Snake:2)
  A wizard (D:14)
  4 orc knights
  A wolf spider zombie (D:15)
  A necromancer (D:15)
  6 salamanders
  2 deep elf pyromancers (D:15)
  A deep elf zephyrmancer (D:15)
  12 orc sorcerers
  5 ugly things
  7 mana vipers
  4 cyclopes
  3 manticores
  3 elephants (Lair:6)
  23 black mambas
  A merfolk siren (Lair:3)
  Joseph (D:8)
  4 guardian serpents
  2 naga magi (Snake:3)
  4 gargoyles
  14 cane toads
  2 rime drakes
  An unseen horror (D:11)
  3 kobold demonologists
  A yaktaur (D:15)
  9 komodo dragons
  3 freezing wraiths (D:15)
  A tengu conjurer (D:14)
  6 trolls
  7 polar bears
  A queen bee (D:12)
  A hornet (D:10)
  A wolf spider simulacrum (D:15)
  16 blink frogs
  20 slime creatures
  A spriggan (shapeshifter) (D:15)
  A shadow (D:9)
  6 wyverns
  68 yaks
  6 hogs (D:13)
  5 wraiths
  9 basilisks
  2 steam dragons
  3 humans
  2 vampire mosquitoes (D:13)
  26 nagas
  4 acid dragons
  19 water moccasins
  A black bear (Lair:3)
  A sky beast (D:7)
  22 orc warriors
  An ice beast (D:6)
  6 ogres
  A boggart (D:11)
  16 centaurs
  17 wolves
  5 kobold brigands
  15 bullfrogs
  A gnoll sergeant (D:8)
  A scorpion (shapeshifter) (D:15)
  10 wights
  16 killer bees
  8 electric eels
  3 howler monkeys
  4 centaur zombies
  2 hounds
  13 orc priests
  2 human zombies (Ossuary)
  A jelly (D:4)
  A bullfrog skeleton (D:4)
  2 centaur skeletons
  2 iguanas
  33 orc wizards
  5 hell rats (Lair:1)
  A killer bee zombie (D:9)
  A hound skeleton (D:4)
  2 mummies (Ossuary)
  4 gnolls (D:8)
  7 adders
  2 white imps (D:5)
  3 ufetubi
  An adder skeleton (D:4)
  4 adder zombies (Ossuary)
  3 worms
  2 dart slugs
  80 orcs
  7 endoplasms
  6 giant cockroaches
  7 goblins
  11 hobgoblins
  3 jackals
  A quokka (D:2)
  9 ball pythons
  A bat (D:2)
  6 frilled lizards
  3 goblin zombies (Ossuary)
  8 hobgoblin zombies (Ossuary)
  22 kobolds
  14 kobold zombies (Ossuary)
  5 orc zombies (Ossuary)
  A quokka skeleton (D:4)
  5 rats
  A rat zombie (Ossuary)
825 creatures vanquished.

Vanquished Creatures (others)
  An ogre mage (Orc:2)
  2 kobolds (D:9)
  41 fungi
  2 lurking horrors (D:4)
  165 plants
211 creatures vanquished.

Grand Total: 1036 creatures vanquished

Notes
Turn   | Place    | Note
-------+----------+-------------------------------------------
     0 | D:1      | dolemite99 the Hill Orc Fighter began the quest for the
                  | Orb.
     0 | D:1      | Reached XP level 1. HP: 19/19 MP: 1/1
    13 | D:1      | Reached skill level 3 in Axes
    36 | D:1      | Reached XP level 2. HP: 18/26 MP: 2/2
   177 | D:1      | Reached skill level 4 in Axes
   686 | D:2      | Reached XP level 3. HP: 31/31 MP: 3/3
   964 | D:2      | Reached skill level 5 in Axes
  1138 | D:2      | Reached XP level 4. HP: 38/39 MP: 4/4
  1595 | D:2      | Reached skill level 6 in Axes
  2129 | D:3      | Found an opulent altar of Gozag.
  2243 | D:3      | Became a worshipper of Gozag Ym Sagoz the Greedy
  2323 | D:3      | Found a broken altar of Ashenzari.
  2740 | D:4      | Noticed an ogre
  2748 | D:4      | Killed an ogre
  2749 | D:4      | Reached skill level 7 in Axes
  2749 | D:4      | Reached XP level 5. HP: 34/45 MP: 5/5
  2979 | D:4      | Reached skill level 8 in Axes
  2979 | D:4      | Reached XP level 6. HP: 51/51 MP: 6/6
  3406 | D:4      | Found a one-way gate to the infinite horrors of the Abyss.
  3407 | D:4      | Found a corrupted altar of Lugonu.
  3602 | D:4      | Found a staircase to the Ecumenical Temple.
  3609 | D:4      | Reached skill level 9 in Axes
  3847 | D:4      | Found an ornate altar of the Wu Jian Council.
  4141 | D:5      | Entered Level 5 of the Dungeon
  4480 | D:5      | Found a bloodstained altar of Trog.
  4866 | D:6      | Reached XP level 7. HP: 55/57 MP: 7/7
  5000 | D:6      | Reached skill level 10 in Axes
  5017 | D:6      | Found a sand-covered staircase.
  5027 | Ossuary  | Entered an ossuary
  5717 | D:6      | Found a burning altar of Makhleb.
  5864 | D:6      | Found a sacrificial altar of Ru.
  5928 | D:6      | Reached skill level 11 in Axes
  6342 | D:7      | Reached XP level 8. HP: 48/64 MP: 6/8
  6690 | D:7      | Found a large runed translucent door.
  6691 | D:7      | Found a large runed translucent door.
  6944 | D:7      | Reached skill level 12 in Axes
  7386 | D:7      | Found a hazy altar of Hepliaklqana.
  7421 | D:7      | Found a faded altar of an unknown god.
  7546 | D:8      | Reached skill level 13 in Axes
  7607 | D:8      | Found Jeaxiar's Weapon Shop.
  7615 | D:8      | Noticed a yak
  7633 | D:8      | Noticed a yak
  7634 | D:8      | Noticed a yak
  7635 | D:8      | Noticed a yak
  7649 | D:8      | Noticed a yak
  7653 | D:8      | Killed a yak
  7670 | D:8      | Killed a yak
  7671 | D:8      | Reached skill level 5 in Fighting
  7671 | D:8      | Reached XP level 9. HP: 58/74 MP: 6/9
  7678 | D:8      | Reached skill level 5 in Armour
  7760 | D:8      | Bought a +0 battleaxe for 78 gold pieces
  7986 | D:8      | Noticed Joseph
  8001 | D:8      | Killed Joseph
  8577 | D:8      | Noticed an angel
  8578 | D:8      | Found a glowing silver altar of Zin.
  8631 | D:8      | Noticed an eight-headed hydra
  9243 | D:9      | Noticed a two-headed ogre
  9243 | D:9      | Noticed a two-headed ogre
  9254 | D:8      | HP: 4/81 [two-headed ogre (5)]
  9257 | D:8      | Killed a two-headed ogre
  9258 | D:8      | Reached XP level 10. HP: 36/91 MP: 8/10
  9677 | D:9      | You fall into a shaft and drop 2 floors!
  9683 | D:11     | Noticed Gastronok
  9686 | D:11     | Noticed a boulder beetle
  9722 | D:10     | Entered Level 10 of the Dungeon
 10578 | D:10     | Found a staircase to the Lair.
 11043 | D:10     | Reached skill level 14 in Axes
 11167 | D:10     | Noticed a kobold demonologist
 11197 | D:10     | Killed a kobold demonologist
 11394 | D:10     | Reached skill level 1 in Throwing
 11569 | D:10     | Reached XP level 11. HP: 61/99 MP: 6/11
 12246 | D:9      | Killed a two-headed ogre
 12247 | D:9      | Reached skill level 5 in Throwing
 12891 | D:10     | Identified the +1 scale mail "Utyvvis" {Rampage}
 13428 | D:10     | Found an iron altar of Okawaru.
 13649 | D:11     | Noticed Sonja
 13657 | D:11     | Noticed Sonja
 13657 | D:11     | Sonja changed into Sonja the water moccasin
 13660 | D:11     | Killed Sonja the water moccasin
 14395 | D:11     | Noticed a two-headed ogre
 14404 | D:11     | Killed a two-headed ogre
 14511 | D:11     | Reached skill level 15 in Axes
 15102 | D:11     | Killed Gastronok
 15103 | D:11     | Reached skill level 16 in Axes
 15916 | D:11     | Killed a boulder beetle
 15917 | D:11     | Reached skill level 17 in Axes
 15917 | D:11     | Reached XP level 12. HP: 106/106 MP: 12/12
 16407 | D:11     | Noticed Maurice
 16409 | D:11     | Noticed Maurice
 16409 | D:11     | Maurice changed into Maurice the boggart
 16413 | D:11     | Killed Maurice the boggart
 16559 | Lair:1   | Entered Level 1 of the Lair of Beasts
 16572 | D:10     | Bought a scroll of brand weapon for 300 gold pieces
 17512 | Lair:1   | You fall into a shaft and drop 1 floor!
 17533 | Lair:1   | HP: 5/106 [cane toad (11)]
 17536 | Lair:1   | HP: 2/106 [cane toad (5)]
 18108 | Lair:1   | Reached skill level 18 in Axes
 18350 | Lair:1   | Noticed IdlyInterested's ghost (journeyman DsAr)
 18357 | Lair:1   | Found a transporter.
 19032 | Lair:1   | Found a transporter.
 19284 | Lair:1   | Noticed an entropy weaver
 19823 | Lair:2   | Noticed a four-headed hydra
 19830 | Lair:2   | Killed a two-headed hydra
 19831 | Lair:2   | Reached skill level 10 in Armour
 19971 | Lair:2   | Reached skill level 1 in Evocations
 20508 | Lair:2   | Noticed an eight-headed hydra
 20642 | Lair:2   | Killed a seven-headed hydra
 20643 | Lair:2   | Reached XP level 13. HP: 113/113 MP: 13/13
 20700 | Lair:2   | Reached skill level 5 in Evocations
 21624 | Lair:3   | Reached skill level 10 in Fighting
 21763 | Lair:3   | Found a staircase to the Shoals.
 24086 | Lair:3   | Reached skill level 1 in Dodging
 24282 | Lair:4   | Identified the +3 helmet "Qaqiy" {Int+6}
 24393 | Lair:4   | Noticed Rupert
 25596 | D:12     | Reached skill level 5 in Dodging
 25759 | D:12     | Reached XP level 14. HP: 103/125 MP: 11/14
 25811 | D:12     | Bought 17 sling bullets for 136 gold pieces
 25885 | D:12     | Reached skill level 1 in Slings
 26967 | D:12     | Found a runed translucent door.
 26968 | D:12     | Identified a scroll of acquirement
 26968 | D:12     | Acquired 931 gold pieces
 26969 | D:12     | Noticed Atlas's ghost (journeyman DsIE)
 27354 | Lair:4   | You fall into a shaft and drop 2 floors!
 27354 | Lair:6   | Entered Level 6 of the Lair of Beasts
 27941 | Lair:4   | Reached skill level 5 in Slings
 28611 | Lair:4   | Found a staircase to the Snake Pit.
 28622 | Lair:4   | Paralysed by Rupert for 3 turns
 28631 | Lair:4   | Killed Rupert
 30576 | Lair:6   | Found a staircase to the Slime Pits.
 30576 | Lair:6   | Noticed Snorg
 31724 | Lair:6   | Killed Snorg
 32793 | Lair:6   | Reached XP level 15. HP: 46/132 MP: 6/15
 33807 | Lair:6   | Identified the +7 shortbow of Domination {venom, Fly rElec
                  | rPois Will+ Dex+4}
 34246 | D:9      | Identified the +1 dagger "Jelly's Curse" {vorpal, rElec
                  | Will+ Dex-3}
 34253 | D:9      | Identified the +8 dagger "Bagugi" {freeze, rCorr Str+4
                  | Int+4}
 34664 | D:9      | Found Gahish Pame's Antique Weapon Emporium.
 34757 | D:9      | Learned a level 1 spell: Apportation
 34760 | D:9      | Learned a level 2 spell: Blink
 34781 | D:9      | Found a staircase to the Orcish Mines.
 34919 | D:9      | Found a hide-covered altar of Uskayaw.
 34985 | D:9      | Found an ancient bone altar of Kikubaaqudgha.
 35260 | Orc:1    | Entered Level 1 of the Orcish Mines
 36826 | D:13     | Noticed Josephine
 36847 | D:13     | Killed Josephine
 37221 | D:13     | Noticed Nessos
 37238 | D:13     | Noticed Nessos
 37238 | D:13     | Nessos changed into Nessos the swamp dragon
 37244 | D:13     | Killed Nessos the swamp dragon
 37249 | D:13     | Noticed Kirke
 37549 | D:13     | Noticed Frances
 37575 | D:13     | Killed Frances
 38367 | D:13     | Killed Kirke
 39149 | D:13     | HP: 4/132 [very large slime creature (44)]
 41357 | Orc:1    | Gained mutation: You occasionally shout uncontrollably at
                  | your foes. [a neqoxec]
 41474 | Orc:1    | Found Meunim's Distillery.
 42172 | Orc:1    | Found Nuruso's Armour Shoppe.
 42314 | Orc:1    | Found Nisoh's Jewellery Shop.
 42415 | Orc:1    | You fall into a shaft and drop 1 floor!
 42415 | Orc:2    | Entered Level 2 of the Orcish Mines
 42503 | Orc:2    | Found a staircase to the Elven Halls.
 42704 | Orc:1    | Bought a potion of heal wounds for 60 gold pieces
 42704 | Orc:1    | Bought a potion of curing for 36 gold pieces
 42704 | Orc:1    | Bought a potion of invisibility for 96 gold pieces
 42704 | Orc:1    | Bought a potion of resistance for 120 gold pieces
 42986 | Orc:2    | Found a roughly hewn altar of Beogh.
 44316 | Orc:2    | Found Xid Dios's Antique Armour Boutique.
 44439 | Orc:2    | Bought a pair of embroidered gloves for 232 gold pieces
 44439 | Orc:2    | Bought a bloodstained chain mail for 294 gold pieces
 44439 | Orc:2    | Identified the +7 chain mail of Rafuick {rPois rF+ Regen+
                  | rCorr} (You bought it in a shop on level 2 of the Orcish
                  | Mines)
 44570 | Orc:2    | Paralysed by something for 6 turns
 44640 | Orc:2    | Found a radiant altar of Vehumet.
 44652 | Orc:2    | Found Paacyng's Distillery.
 44726 | Orc:2    | Bought a potion of invisibility for 136 gold pieces
 44751 | Orc:2    | Found an ancient bone altar of Kikubaaqudgha.
 45038 | Orc:2    | Found a roughly hewn altar of Beogh.
 45046 | Orc:2    | Found Wexa's Book Shop.
 45053 | Orc:2    | Found Xaizon's Jewellery Shop.
 45073 | Orc:2    | Bought a ring of willpower for 350 gold pieces
 45261 | D:13     | Reached XP level 16. HP: 91/146 MP: 10/16
 46160 | D:14     | Found a shimmering blue altar of Sif Muna.
 47049 | D:14     | Found a gate to the Vaults.
 47061 | D:14     | Reached skill level 10 in Dodging
 47144 | D:15     | Entered Level 15 of the Dungeon
 47389 | D:15     | Found a portal to a secret trove of treasure.
 47623 | D:15     | Found a broken altar of Ashenzari.
 48517 | D:15     | Found a staircase to the Depths.
 48877 | Snake:1  | Entered Level 1 of the Snake Pit
 49080 | Snake:1  | Reached skill level 19 in Axes
 49088 | Snake:1  | Noticed Jorgrun
 49107 | Snake:1  | Killed Jorgrun
 50286 | Snake:1  | Reached skill level 20 in Axes
 50637 | Snake:2  | Noticed a nagaraja
 50655 | Snake:1  | Killed a nagaraja
 51052 | Snake:2  | Reached XP level 17. HP: 132/152 MP: 12/17
 51722 | Snake:2  | Found Zicor's Assorted Antiques.
 51818 | Snake:2  | Bought a potion of might for 104 gold pieces
 51818 | Snake:2  | Bought a scroll of silence for 195 gold pieces
 51818 | Snake:2  | Bought 2 scrolls of blinking for 390 gold pieces
 51818 | Snake:2  | Bought a scroll labelled HYZELO BAFU for 26 gold pieces
 52115 | Snake:2  | Reached skill level 10 in Evocations
 52296 | Snake:2  | Found a shadowy altar of Dithmenos.
 53908 | Snake:3  | Annihilated by a naga

Illustrated notes

Levels and vault maps discovered:
D:1:      pf_arrival_petrified_forest, layout_rooms,
          chequers_serial_rivers_micro_b
D:2:      layout_basic, minmay_tetromino_s2
D:3:      layout_loops_ring, lemuel_coloured_pillars_altar, old_standard_altar,
          minmay_misc_feat_encased
D:4:      layout_loops_ring, amcnicky_altar_gilded,
          minmay_temple_entry_antechambers, chequers_serial_rivers_room_a,
          amcnicky_altar_lugonu_corruption
D:5:      layout_basic, bloody_trog, minmay_misc_feat_four_crosses,
          minmay_checkerbox
D:6:      layout_cave_pools, old_standard_altar, nicolae_overflow_hidden_temple,
          enter_ossuary_1, hangedman_abyss_or_decor_passed
D:7:      layout_basic, beargit_hepliaklqana_dungeon_heroes,
          jmf_multi_god_temple2
D:8:      layout_basic, zin_angel, serial_shops, nicolae_shop_stone, uniq_joseph
D:9:      corexii_shack_village, layout_cave_pools, nicolae_uskayaw_dance_hall,
          lemuel_doored_altar, orc_0_dummy, serial_shops, shop
D:10:     layout_loops_cross, okawaru_humans, minmay_lair_entry_grove
D:11:     layout_basic, uniq_gastronok, uniq_sonja, uniq_maurice
D:12:     layout_gridville, ebering_ghost_reflecting_pool,
          nicolae_looking_at_the_future
D:13:     layout_basic, hangedman_abyss_or_decor_stagger, uniq_nessos,
          uniq_kirke, uniq_frances, uniq_josephine
D:14:     layout_loops_ring, grunt_vaults_entry_fortified, led_sif_pool
D:15:     grunt_enter_depths_magical_seal, layout_long_grid, enter_trove_5,
          cheibrodos_ashenzari_chains, minmay_misc_feat_room,
          minmay_large_rounded_square, minmay_parallelograms
Lair:1:   layout_long_grid, gammafunk_ghost_abyssal_escape, beast_lair_carwin_4,
          grunt_megastairs_5
Lair:2:   layout_misc_corridors, gammafunk_lair_bear_cave, grunt_megastairs_3
Lair:3:   nzn_winding_woodlands_stair_cross [nzn_winding_woodlands_5x15_zeroes,
          nzn_winding_woodlands_center_triple_pond,
          nzn_winding_woodlands_5x15_cabin,
          nzn_winding_woodlands_5x5_checkerboard,
          nzn_winding_woodlands_5x5_closed_star,
          nzn_winding_woodlands_5x15_garden,
          nzn_winding_woodlands_center_diamonds,
          nzn_winding_woodlands_5x15_eye], layout_cave_pods,
          minmay_shoals_entry_lonely_mermaid, small_statue_intersection
Lair:4:   layout_concentric_octagons, guppyfry_snake_entry_garden, uniq_rupert
Lair:5:   layout_gridlike
Lair:6:   grunt_lair_end_beastmaster, layout_hall_layers,
          minmay_slime_entry_oklob_open, uniq_snorg
Snake:1:  layout_chambers, serial_bayou_shore_a, uniq_jorgrun
Snake:2:  layout_onion_interference, serial_shops, nicolae_stop_n_shop_1,
          basic_altar, nicolae_snake_snake_lake
Snake:3:  layout_cave_town, hangedman_snake_corridor_cut, uniq_agnes
Orc:1:    minmay_goldmine, layout_caves, serial_shops, shop, shop, shop, shop,
          nicolae_shop_stone
Orc:2:    kennysheep_orc_mage_school, layout_caves, basic_altar

Skill      XL: |  1  2  3  4  5  6  7  8  9 10 11 12 13 14 15 16 17 |
---------------+----------------------------------------------------+-----
Axes           | 3 4 5 7 8 9 11 13 14 17 18 20 | 20.0
Fighting       | 5 9 11 14 | 14.1
Armour         | 4 8 9 10 12 | 12.9
Throwing       | 4 6 |  6.6
Evocations     | 4 6 7 11 | 11.4
Dodging        | 5 7 9 11 | 11.4
Slings         | 8 |  8.2
Shields        | |  3.2

Action                   |  1- 3 |  4- 6 |  7- 9 | 10-12 | 13-15 | 16-18 || total
-------------------------+-------+-------+-------+-------+-------+-------++-------
Melee: War axe           |    56 |   150 |   315 |   362 |       |       ||   883
       Battleaxe         |       |       |       |   155 |   697 |   499 ||  1351
 Fire: Fustibalus        |       |       |       |       |   676 |   340 ||  1016
Throw: Dart              |    17 |    15 |    15 |   104 |    82 |       ||   233
       Stone             |       |    16 |    44 |       |    14 |     9 ||    83
       Boomerang         |       |       |       |    24 |    34 |       ||    58
Invok: Potion Petition   |       |       |     2 |       |     9 |     3 ||    14
       Call Merchant     |       |       |       |     1 |     1 |       ||     2
Evoke: Wand              |       |       |    20 |     4 |    47 |    17 ||    88
       Lightning rod     |       |       |       |       |     8 |    12 ||    20
  Use: Potion            |       |     1 |     5 |     6 |     7 |     4 ||    23
       Scroll            |       |       |    12 |    15 |    15 |     5 ||    47
 Stab: Paralysed         |       |       |     2 |       |     5 |     2 ||     9
       Invisible         |       |       |     1 |     1 |     2 |     4 ||     8
       Distracted        |       |       |       |     4 |     5 |     3 ||    12
       Petrified         |       |       |       |       |     6 |       ||     6
       Petrifying        |       |       |       |       |     2 |       ||     2
Armor: Scale mail        |    34 |     9 |       |       |       |       ||    43
       Plate armour      |       |    54 |   146 |   252 |   161 |       ||   613
       Skin              |       |       |    31 |       |     7 |       ||    38
       Chain mail        |       |       |       |       |   394 |   500 ||   894
Dodge: Dodged            |    18 |    25 |    63 |   139 |   504 |   411 ||  1160
Block: Kite shield       |    23 |    82 |    43 |       |       |       ||   148
       Buckler           |       |       |    34 |    51 |       |       ||    85

Table legend: (Time is in decaauts)
 A = Elapsed time spent in this place.
 B = Non-inter-level travel time spent in this place.
 C = Inter-level travel time spent in this place.
 D = Time resting spent in this place.
 E = Time spent auto-exploring this place.
 F = Levels seen in this place.
 G = Mean time per level.
                   A        B        C        D        E       F      G
               +--------+--------+--------+--------+--------+-----+--------+
         Total |  53474 |  51360 |   2114 |  23208 |  19787 |  27 | 1980.5 |
       Dungeon |  29793 |  28735 |   1058 |  14247 |  10322 |  15 | 1986.2 |
          Lair |  14845 |  14043 |    802 |   5903 |   6265 |   6 | 2474.2 |
     Snake Pit |   4899 |   4777 |    122 |   1947 |   1757 |   3 | 1633.0 |
  Orcish Mines |   3229 |   3098 |    131 |   1009 |   1171 |   2 | 1614.5 |
       Ossuary |    705 |    705 |      0 |    100 |    271 |   1 |  705.0 |
               +--------+--------+--------+--------+--------+-----+--------+

Top non-repeatable levels by time:
    D:13: 4435 daAuts
    D:10: 4162 daAuts
     D:9: 3595 daAuts
  Lair:3: 3585 daAuts
  Lair:1: 3344 daAuts
    D:11: 3191 daAuts
  Lair:6: 3184 daAuts
 Snake:1: 2521 daAuts
    D:12: 2243 daAuts
   Orc:2: 2166 daAuts
     D:8: 2075 daAuts
  Lair:4: 1958 daAuts
  Lair:5: 1793 daAuts
 Snake:2: 1767 daAuts
     D:7: 1644 daAuts
